 Dungeon Crawl Stone Soup version 0.17.1-1-g73c8601 (webtiles) character file.

1855 shmeve the Skirmisher (level 8, -3/111 HPs)
             Began as a Minotaur Berserker on Apr 15, 2016.
             Was the Champion of Trog.
             Slain by a wight
             ... wielding a +0 halberd of venom
              (8 damage)
             ... on level 6 of the Dungeon.
             The game lasted 00:12:39 (5058 turns).

shmeve the Skirmisher (Minotaur Berserker)          Turns: 5058, Time: 00:12:39

Health: -3/111     AC: 12    Str: 27    XL:     8   Next: 89%
Magic:  7/7        EV: 10    Int:  5    God:    Trog [******]
Gold:   126        SH:  0    Dex: 11    Spells: 0 memorised, 7 levels left

rFire  . . .     SeeInvis .     a - +0 hand axe
rCold  . . .     Clarity  .     e - +0 chain mail
rNeg   . . .     SustAt   .     (no shield)
rPois  .         Gourm    .     (helmet restricted)
rElec  .         Spirit   .     (no cloak)
rCorr  .         Warding  .     f - +1 pair of gloves
rMut   .         Stasis   .     (no boots)
MR     .....                    n - amulet of faith
Stlth  ..........               (no ring)
                                (no ring)

@: berserking, lethally poisoned (-3 -> -25), very quick, not resistant to
hostile enchantments, extremely unstealthy
A: retaliatory headbutt, horns 2
a: Berserk, Trog's Hand, Brothers in Arms, Burn Spellbooks, Renounce Religion


You were on level 6 of the Dungeon.
You worshipped Trog.
Trog was exalted by your worship.
You were not hungry.

You visited 1 branch of the dungeon, and saw 6 of its levels.

You collected 387 gold pieces.
You spent 261 gold pieces at shops.

Inventory:

Hand Weapons
 a - a +0 hand axe (weapon)
Missiles
 p - 10 javelins of returning (quivered)
Armour
 e - a +0 chain mail (worn)
 f - a +1 pair of gloves (worn)
 q - the +2 shield "Gyl Zei" {rF+, unknown}
   (You bought it in a shop on level 5 of the Dungeon)

   It protects you from fire.
Jewellery
 n - an amulet of faith (around neck)
Wands
 j - a wand of digging (9)
Scrolls
 b - 4 scrolls of identify {unknown}
 g - a scroll of teleportation {unknown}
 i - a scroll of enchant armour {unknown}
 k - a scroll of recharging {unknown}
 m - 2 scrolls of blinking {unknown}
 r - 2 scrolls of remove curse
 y - a scroll of amnesia {unknown}
Potions
 d - a potion of might {unknown}
 l - a potion of lignification {unknown}
 o - a potion of poison {unknown}
 t - 2 potions of curing {unknown}
 u - a potion of agility {unknown}
 v - a potion of degeneration {unknown}
 x - a potion of invisibility {unknown}
Comestibles
 c - 6 bread rations
 h - 3 meat rations
 w - 2 fruits


   Skills:
 - Level 7.7 Fighting
 - Level 7.3 Axes
 - Level 2.7 Throwing
 - Level 5.0 Armour
 - Level 4.7 Dodging
 + Level 6.7 Shields


You had 7 spell levels left.
You didn't know any spells.

Dungeon Overview and Level Annotations

Branches:
Dungeon (6/15)             Temple (0/1) D:5

Altars:
Makhleb
Okawaru
Qazlal
Trog
Xom
The Shining One

Shops:
D:4 ?   D:5 [


Innate Abilities, Weirdness & Mutations

You reflexively headbutt those who attack you in melee.
You have a pair of horns on your head.


Message History

The wight is severely damaged.
* * * LOW HITPOINT WARNING * * *
You feel sick. The wight hits you but does no damage.
You closely miss the wight. You hit the wight.
You destroy the wight!
* * * LOW HITPOINT WARNING * * *
You feel sick. The wight hits you but does no damage.
You are more poisoned.
Unknown command.
Your chain mail prevents you from hitting the wight.
You headbutt the wight.
The wight is moderately damaged.
* * * LOW HITPOINT WARNING * * *
You feel sick.
You slash the wight!
The wight is severely damaged.
* * * LOW HITPOINT WARNING * * *
You feel sick.
The wight hits you with a halberd of venom!
You die...

#..............#
#.....##.......#
#...%..........#
#..............#
#..........##..#
#.......######.#
##+###)..............
...#...)................
......z@)...............
................###.....
##.....5............##..
#................... #..
#................... #..
#......####........ #..
#...... ..... #..
....... ... #.. ...


You could see a wight and a crimson imp.

Vanquished Creatures
  The ghost of pesado the Spear-Bearer, an amateur MfGl (D:5)
  The ghost of jagang the Ruffian, an amateur TrMo (D:3)
  A sky beast (D:5)
  3 big kobolds (D:3)
  A giant frog (D:6)
  4 killer bees (D:6)
  4 wights (D:6)
  3 crimson imps
  3 orc wizards
  5 orc priests
  3 worker ants (D:4)
  A hound skeleton (D:4)
  A worker ant zombie (D:6)
  Robin (D:2)
  6 adders
  6 gnolls
  An ooze (D:3)
  An adder zombie (D:6)
  2 adder skeletons (D:5)
  4 worms (D:2)
  3 giant geckos
  26 orcs
  4 bats
  22 goblins
  18 hobgoblins
  19 jackals
  2 quokkas
  A ball python (D:1)
  4 giant cockroaches
  A giant gecko skeleton (D:4)
  5 giant newts
  59 kobolds
  16 rats
232 creatures vanquished.

Notes
Turn   | Place    | Note
--------------------------------------------------------------
     0 | D:1      | shmeve the Minotaur Berserker began the quest for the Orb.
     0 | D:1      | Reached XP level 1. HP: 19/19 MP: 0/0
   103 | D:1      | Found a glowing golden altar of the Shining One.
   187 | D:1      | Reached XP level 2. HP: 22/27 MP: 1/1
   235 | D:1      | Reached skill level 4 in Fighting
   669 | D:1      | Reached ** piety under Trog
   813 | D:1      | Reached XP level 3. HP: 32/34 MP: 2/2
  1019 | D:2      | Noticed Robin
  1025 | D:2      | Killed Robin
  1126 | D:2      | Reached *** piety under Trog
  1129 | D:2      | Reached XP level 4. HP: 41/41 MP: 3/3
  2080 | D:3      | Noticed jagang's ghost (amateur TrMo)
  2080 | D:3      | Reached **** piety under Trog
  2094 | D:3      | Killed jagang's ghost
  2094 | D:3      | Reached skill level 5 in Fighting
  2094 | D:3      | Reached skill level 5 in Axes
  2094 | D:3      | Reached skill level 1 in Throwing
  2094 | D:3      | Reached XP level 5. HP: 31/49 MP: 4/4
  2094 | D:3      | Reached XP level 6. HP: 35/56 MP: 5/5
  2113 | D:3      | Found a burning altar of Makhleb.
  2113 | D:3      | Found a shimmering altar of Xom.
  2863 | D:3      | Reached ***** piety under Trog
  2872 | D:3      | Noticed a big kobold
  2874 | D:3      | Noticed a big kobold
  2896 | D:3      | Killed a big kobold
  2896 | D:3      | Reached skill level 6 in Fighting
  2898 | D:3      | Killed a big kobold
  2968 | D:3      | Reached XP level 7. HP: 59/63 MP: 6/6
  3030 | D:3      | Noticed a big kobold
  3039 | D:3      | Killed a big kobold
  3550 | D:4      | Received a gift from Trog
  3720 | D:4      | Reached skill level 7 in Fighting
  3822 | D:4      | Found Eqesauhi's Magic Scroll Shoppe.
  3825 | D:4      | Bought a scroll of remove curse for 33 gold pieces
  3972 | D:5      | Entered Level 5 of the Dungeon
  4204 | D:5      | Reached XP level 8. HP: 58/73 MP: 7/7
  4213 | D:5      | Found a staircase to the Ecumenical Temple.
  4213 | D:5      | Noticed pesado's ghost (amateur MfGl)
  4228 | D:5      | Killed pesado's ghost
  4228 | D:5      | Reached skill level 5 in Armour
  4253 | D:5      | Found an iron altar of Okawaru.
  4268 | D:5      | Found a stormy altar of Qazlal.
  4344 | D:5      | Found Kivoqov's Antique Armour Boutique.
  4351 | D:5      | Bought a faintly humming shield for 228 gold pieces
  4360 | D:5      | Reached ****** piety under Trog
  4365 | D:5      | Reached skill level 1 in Shields
  4643 | D:5      | Found a bloodstained altar of Trog.
  4825 | D:5      | Received a gift from Trog
  4960 | D:6      | Reached skill level 5 in Shields
  5058 | D:6      | HP: 5/111 [poisoned by a wight]
  5058 | D:6      | Slain by a wight

Action                   |  1- 3 |  4- 6 |  7- 9 || total
-------------------------+-------+-------+-------++-------
Melee: Hand axe          |    76 |   168 |   271 ||   515
Throw: Javelin           |       |     2 |    10 ||    12
Invok: Berserk           |     1 |       |     3 ||     4
       Trog's Hand       |       |       |     1 ||     1
  Use: Scroll            |       |       |     2 ||     2
  Eat: Chunk             |     2 |     6 |     7 ||    15
       Fruit             |       |       |     1 ||     1
       Pizza             |       |       |     1 ||     1
